 Dungeon Crawl Stone Soup version 0.28.0-53-g5a82cb258f (webtiles) character file.

Game seed: 12110339484174948643

74 nickcage the Slasher (level 4, -2/34 HPs)
             Began as a Formicid Gladiator on June 27, 2022.
             Killed from afar by Dowan (6 damage)
             ... with a puff of flame
             ... on level 6 of the Dungeon.
             The game lasted 00:04:27 (2449 turns).

nickcage the Slasher (Formicid Gladiator)           Turns: 2449, Time: 00:04:28

Health: -2/34      AC: 10    Str: 21    XL:     4   Next: 54%
Magic:  4/4        EV: 21    Int:  7    God:
Gold:   55         SH:  0    Dex: 12    Spells: 3/3 levels left

rFire   . . .      SeeInvis +   a - +0 long sword
rCold   . . .      Faith    .   (no shield)
rNeg    . . .      Spirit   .   h - +0 plate armour
rPois   .          Reflect  .   (helmet unavailable)
rElec   .          Harm     .   (no cloak)
rCorr   +          Rampage  .   (no gloves)
Will    .....                   (no boots)
Stlth   ..........              t - amulet of the acrobat
HPRegen 0.11/turn               e - ring of resist corrosion
MPRegen 0.09/turn               (no ring)

@: acrobatic
A: permanent stasis, dig shafts and tunnels, antennae 3, four strong arms
a: Dig, Shaft Self


You were on level 6 of the Dungeon.
You visited 1 branch of the dungeon, and saw 4 of its levels.

You collected 55 gold pieces.

Inventory:

Hand Weapons
 a - a +0 long sword (weapon)
Missiles
 c - 3 throwing nets
 j - 3 javelins (quivered)
Armour
 b - a +0 leather armour
 f - a +0 ring mail
 h - a +0 plate armour (worn)
Jewellery
 e - a ring of resist corrosion (left hand)
 t - an amulet of the acrobat (around neck)
Wands
 p - a wand of flame (27)
Scrolls
 g - a scroll of fog {unknown}
 i - 2 scrolls of identify {unknown}
 k - 2 scrolls of amnesia {unknown}
 m - 2 scrolls of immolation {unknown}
 n - a scroll of teleportation {unknown}
 r - a scroll of magic mapping {unknown}
 s - a scroll of vulnerability {unknown}
Potions
 d - a potion of haste {unknown}
 l - a potion of heal wounds {unknown}
 o - a potion of curing {unknown}
 q - a potion of flight {unknown}


   Skills:
 + Level 2.4 Fighting
 + Level 4.9 Long Blades
 - Level 2.0 Throwing
 - Level 2.6 Dodging


You had 3 spell levels left.
You didn't know any spells.
Your spell library contained the following spells:

 Spells                   Type           Power      Damage    Failure   Level
 Slow                     Hex            0%         N/A       100%        1
 Sting                    Tmut/Pois      0%         1d3       100%        1
 Poisonous Vapours        Pois/Air       0%         N/A       100%        2
 Confusing Touch          Hex            0%         N/A       100%        3
 Ozocubu's Armour         Ice            0%         N/A       100%        3
 Vampiric Draining        Necr           0%         2d6       100%        3
 Olgreb's Toxic Radiance  Pois           0%         N/A       100%        4
 Metabolic Englaciation   Hex/Ice        0%         N/A       100%        5
 Simulacrum               Ice/Necr       0%         N/A       100%        6


Dungeon Overview and Level Annotations

Branches:
Dungeon (3/15)

Altars:
Wu Jian

Annotations:
D:6 Dowan, Duvessa


Innate Abilities, Weirdness & Mutations

You cannot be hasted, slowed, berserked, paralysed or teleported.
You can dig through walls and to a lower floor.
You have a pair of large antennae on your head. (SInv)
Your four strong arms can wield two-handed weapons with a shield.


Message History

Dowan gestures wildly while chanting.
Dowan blinks!
Dowan moves out of view.
Duvessa, Sister of Dowan comes into view.
She is wielding a +0 rapier and wearing a +2 chain mail of willpower.
Duvessa shouts!
Duvessa completely misses you.
You hit Duvessa.
Duvessa is lightly wounded.
Dowan drinks a potion.
Dowan suddenly seems more resistant.
Duvessa hits you with a +0 rapier.
You hit Duvessa.
Duvessa is moderately wounded.
Duvessa hits you with a +0 rapier.
You barely miss Duvessa.
Duvessa is moderately wounded.
Duvessa hits you with a +0 rapier.
You hit Duvessa.
Duvessa is moderately wounded.
Duvessa hits you with a +0 rapier.
You hit Duvessa.
Duvessa is moderately wounded.
Duvessa hits you with a +0 rapier.
* * * LOW HITPOINT WARNING * * *
You hit Duvessa but do no damage.
Duvessa is moderately wounded.
Dowan hits you but does no damage. Duvessa hits you but does no damage.
Dowan hits you with a +0 dagger.
* * * LOW HITPOINT WARNING * * *
Duvessa hits you but does no damage.
You hit Duvessa but do no damage.
Duvessa is moderately wounded.
Duvessa hits you with a +0 rapier.
* * * LOW HITPOINT WARNING * * *
Dowan hits you with a +0 dagger.
* * * LOW HITPOINT WARNING * * *
You hit Duvessa but do no damage.
Duvessa is moderately wounded.
Dowan hits you but does no damage. Duvessa hits you but does no damage.
Dowan points at you and mumbles some strange words.
The puff of flame hits you.
You die...

{ ############.#
#....@.e.....#
#.#####e...#.# #.#
....# #.##########
#.#..{....#
#.#.......#
#.#.:.....#########
#.#....)..##......#
#.#.......##......#


You could see Duvessa and Dowan (resistant).

Vanquished Creatures
  2 adders
  A worm (D:2)
  2 orcs (D:3)
  8 ball pythons
  4 endoplasms
  4 goblins
  2 hobgoblins
  7 jackals
  4 quokkas
  A bat (D:1)
  4 frilled lizards
  4 kobolds
  5 rats
48 creatures vanquished.

Notes
Turn   | Place    | Note
-------+----------+-------------------------------------------
     0 | D:1      | nickcage the Formicid Gladiator began the quest for the
                  | Orb.
     0 | D:1      | Reached XP level 1. HP: 16/16 MP: 1/1
   247 | D:1      | Found a faded altar of an unknown god.
   450 | D:1      | Reached XP level 2. HP: 22/22 MP: 2/2
   898 | D:2      | Reached skill level 4 in Long Blades
   898 | D:2      | Reached XP level 3. HP: 21/27 MP: 3/3
  1836 | D:2      | Reached XP level 4. HP: 32/34 MP: 4/4
  2014 | D:3      | Found an ornate altar of the Wu Jian Council.
  2402 | D:3      | You fall into a shaft and drop 3 floors!
  2402 | D:6      | Noticed a black bear
  2436 | D:6      | Noticed Dowan
  2437 | D:6      | Noticed Duvessa
  2449 | D:6      | Killed from afar by Dowan

Illustrated notes

Levels and vault maps discovered:
D:1:      ncdulo_lavacross, layout_basic, ebering_ecumenical_altar_petrified,
          minmay_pentomino_r4
D:2:      layout_basic, serial_co_window_serial, co_window_corner_a,
          co_window_cross_1, co_window_paths_a, co_window_paths_a,
          co_window_paths_a, co_window_paths_a, co_window_unsneaky_path_d,
          co_window_corner_b, co_window_unsneaky_path_d, glass_columns_b,
          glass_columns_b
D:3:      layout_basic, mainiacjoe_overflow_paths, hex_large, uniq_terence,
          uniq_ijyb
D:6:      layout_basic, elyvilon_altar_5, kennysheep_generic_room_7,
          uniq_duvessa

Skill      XL: |  1  2 |
---------------+-------+-----
Long Blades    | 4 |  4.9
Fighting       | |  2.4
Throwing       | |  2.0
Dodging        | |  2.6

Action                   |  1- 3 |  4- 6 || total
-------------------------+-------+-------++-------
Melee: Long sword        |   105 |    49 ||   154
       Punch             |     2 |     1 ||     3
Throw: Javelin           |       |     4 ||     4
Armor: Plate armour      |    90 |    31 ||   121
       Ring mail         |     2 |       ||     2
Dodge: Dodged            |    38 |    11 ||    49
